 Dungeon Crawl Stone Soup version 0.31-a0-177-g4aa6249778 (webtiles) character file.

Game seed: 1469462443448984209

326 mopl the Sneak (level 6, -1/30 HPs)
             Began as a Vine Stalker Enchanter on June 18, 2023.
             Was an Initiate of Kikubaaqudgha.
             Slain by Menkaure (14 damage)
             ... on level 5 of the Dungeon.
             The game lasted 00:03:57 (3162 turns).

mopl the Sneak (Vine Stalker Enchanter)             Turns: 3162, Time: 00:03:57

Health: -1/30      AC:  5    Str: 10    XL:     6   Next: 49%
Magic:  0/12       EV: 12    Int: 17    God:    Kikubaaqudgha [......]
Gold:   158        SH:  0    Dex: 15    Spells: 4/12 levels left

rFire   . . .        a - +1 dagger
rCold   + + .        (no shield)
rNeg    . . .        z - +1 robe {rC+ rF+}
rPois   .            u - +0 helmet
rElec   .            (no cloak)
rCorr   .            (no gloves)
SInv    .            j - +0 pair of boots
Will    .....        (no amulet)
Stlth   +++          h - ring of ice
HPRegen 1.05/turn    (no ring)
MPRegen 0.13/turn

%: guardian spirit
@: no status effects
A: fangs 2, regeneration 1, magic shield, antimagic bite, no potion heal 2
a: Renounce Religion


You were on level 5 of the Dungeon.
You worshipped Kikubaaqudgha.
Kikubaaqudgha was noncommittal.
You visited 1 branch of the dungeon, and saw 5 of its levels.

You collected 172 gold pieces.
You spent 14 gold pieces at shops.

Inventory:

Hand Weapons
 a - a +1 dagger (weapon)
 A - the +2 spear of Nemelex Xobeh, Howling {heavy, rC+ Will++ Str-3}
   (You found it on level 4 of the Dungeon)

   Str:       It affects your strength (-3).
   rC:        It protects you from cold.
   Will:      It greatly increases your willpower.
Missiles
 d - 2 poisoned darts
 q - a throwing net
 v - 4 boomerangs
Armour
 j - a +0 pair of boots (worn)
 r - a +0 kite shield
 u - a +0 helmet (worn)
 z - a +1 robe of resistance (worn)
Jewellery
 h - a ring of ice (left hand)
Wands
 l - a wand of digging (4)
Scrolls
 b - a scroll of revelation {unknown}
 i - a scroll of fog {unknown}
 n - a scroll of identify {unknown}
 s - a scroll of noise {unknown}
 t - a scroll of vulnerability {unknown}
 y - 3 scrolls of teleportation {unknown}
Potions
 c - 2 potions of invisibility
 e - a potion of resistance {unknown}
 f - 2 potions of curing {unknown}
 g - 4 potions of might {unknown}
 k - 2 potions of lignification {unknown}
 m - a potion of berserk rage {unknown}
 o - a potion of brilliance {unknown}
 p - a potion of degeneration {unknown}
 w - 2 potions of mutation {unknown}
 x - a potion of heal wounds {unknown}


   Skills:
 + Level 1.5 Fighting
 + Level 2.0 Short Blades
 - Level 1.5 Dodging
 * Level 5.4 Stealth
 * Level 3.8 Spellcasting
 * Level 4.3 Hexes
 + Level 0.7 Necromancy


You had 4 spell levels left.
You knew the following spells:

 Your Spells              Type           Power      Damage    Failure   Level
b - Ensorcelled Hibernat  Hex/Ice        30%        N/A       10%         2
c - Confusing Touch       Hex            17%        N/A       9%          3
d - Tukima's Dance        Hex            17%        N/A       9%          3

Your spell library contained the following spells:

 Spells                   Type           Power      Damage    Failure   Level
 Dazzling Flash           Conj/Hex       20%        N/A       21%         3
 Portal Projectile        Hex/Tloc       20%        N/A       21%         3
 Cigotuvi's Dreadful Rot  Necr/Pois/Air  8%         N/A       22%         2
 Ignite Poison            Fire/Tmut/Pois 3%         N/A       43%         3
 Ozocubu's Armour         Ice            4%         N/A       43%         3
 Vhi's Electric Charge    Tloc/Air       6%         N/A       43%         3
 Metabolic Englaciation   Hex/Ice        7%         N/A       88%         5
 Arcjolt                  Conj/Air       1%         1d11      99%         5
 Blade Hands              Tmut           1%         N/A       99%         5
 Freezing Cloud           Conj/Ice/Air   2%         6-21      99%         5
 Iskenderun's Battlesphe  Conj           3%         2d6       99%         5
 Leda's Unmaking          Conj/Erth      1%         9d1       100%        6
 Plasma Beam              Fire/Air       1%         2x1d11    100%        6
 Simulacrum               Ice/Necr       3%         N/A       100%        6
 Spellforged Servitor     Conj/Summ      1%         N/A       100%        7


Dungeon Overview and Level Annotations

Branches:
Dungeon (5/15)
 Temple: D:4-7

Altars:
Cheibriados
Kikubaaqudgha
Xom
Yredelemnul

Shops:
D:1 [(

Annotations:
D:5 Menkaure


Innate Abilities, Weirdness & Mutations

You have extremely sharp teeth.
Your natural rate of healing is unusually fast.
When hurt, damage is shared between your health and your magic reserves.
Your bite disrupts and absorbs the magic of your enemies.
Potions cannot restore your health.


Message History

What level of the Dungeon? (default 1, ? - help)
You see here 6 stones.
There is a stone staircase leading down here.
You climb downwards.
Found a bronze wand and 5 stones.
There is a stone staircase leading up here.
Menkaure is nearby!
Menkaure shouts!
Found 15 gold pieces.
Menkaure calls on the powers of darkness!
Your body is wracked with pain!
Menkaure mumbles some strange words.
Menkaure seems to speed up.
There is a stone staircase leading up here.
Casting: Ensorcelled Hibernation (safe; 10% risk of failure)
Confirm with . or Enter, or press ? or * to list all spells.
The spell is quite dangerous to miscast (9% risk of failure)!
Continue anyway?
Your hands begin to glow red.
Menkaure hits you.
You barely miss Menkaure. Your bite misses Menkaure.
Menkaure barely misses you.
You hit Menkaure but do no damage.
Menkaure appears confused.
You bite Menkaure.
Menkaure's magic leaks into the air.
You drain his magic.
You feel invigorated.
Menkaure is lightly damaged.
You hit Menkaure but do no damage.
Menkaure is lightly damaged.
Menkaure's magic is no longer disrupted.
Menkaure screams, "I'll kill you anyway!"
You hit Menkaure.
Menkaure is moderately damaged.
Menkaure closely misses you.
You hit Menkaure but do no damage.
Menkaure is moderately damaged.
Menkaure barely misses you. Menkaure hits you!!
Ouch! That really hurt!
You hit Menkaure. You bite Menkaure, but do no damage.
Menkaure is moderately damaged.
Menkaure hits you!
You die...
Kikubaaqudgha rasps: "You have failed me!
Welcome... death!"

... ..#.#
#.#.# #.#.#
#.#.# #.#(#
##M#.#
##.@./#
#.#####.....#
...........<#
#$#####.....#
##...## ##.##
#.# ..# ####


You could see Menkaure (fast, confused).

Vanquished Creatures
  2 jellies (D:4)
  3 iguanas
  7 gnolls
  4 adders
  A worm (D:2)
  A dart slug (D:1)
  7 endoplasms
  2 giant cockroaches (D:2)
  8 goblins
  12 hobgoblins
  4 quokkas
  2 ball pythons
  3 bats
  3 frilled lizards (D:2)
  10 kobolds
  2 rats
71 creatures vanquished.

Notes
Turn   | Place    | Note
-------+----------+-------------------------------------------
     0 | D:1      | mopl the Vine Stalker Enchanter began the quest for the
                  | Orb.
     0 | D:1      | Reached XP level 1. HP: 9/9 MP: 4/4
     6 | D:1      | Found Ketacoulaif's Weapon Shoppe.
    60 | D:1      | Bought 2 poisoned darts for 14 gold pieces
    74 | D:1      | Reached skill level 1 in Short Blades
    85 | D:1      | Reached XP level 2. HP: 6/13 MP: 3/6
    99 | D:1      | Learned a level 2 spell: Ensorcelled Hibernation
   304 | D:1      | Found Qappi's Armour Boutique.
   321 | D:1      | Reached skill level 4 in Stealth
   476 | D:2      | Reached XP level 3. HP: 5/17 MP: 8/8
   740 | D:2      | Reached skill level 3 in Spellcasting
   740 | D:2      | Gained mutation: Your natural rate of healing is unusually
                  | fast. [Vine Stalker growth]
   740 | D:2      | Reached XP level 4. HP: 21/21 MP: 9/9
   914 | D:2      | Found a faded altar of an unknown god.
  1052 | D:2      | Learned a level 3 spell: Confusing Touch
  1056 | D:2      | Learned a level 3 spell: Tukima's Dance
  1563 | D:3      | Found a shimmering altar of Xom.
  1696 | D:3      | Reached skill level 1 in Fighting
  1696 | D:3      | Reached XP level 5. HP: 25/25 MP: 10/10
  1994 | D:3      | Found a snail-covered altar of Cheibriados.
  2218 | D:4      | Found an ancient bone altar of Kikubaaqudgha.
  2244 | D:4      | Reached skill level 5 in Stealth
  2244 | D:4      | Reached skill level 4 in Hexes
  2247 | D:4      | Became a worshipper of Kikubaaqudgha
  2568 | D:4      | Reached XP level 6. HP: 30/30 MP: 12/12
  2663 | D:4      | Found a basalt altar of Yredelemnul.
  2667 | D:4      | Reached skill level 2 in Short Blades
  2854 | D:4      | Identified the +2 spear of Nemelex Xobeh, Howling {heavy,
                  | rC+ Will++ Str-3}
  3145 | D:5      | Entered Level 5 of the Dungeon
  3145 | D:5      | Noticed Menkaure
  3162 | D:5      | Slain by Menkaure

Illustrated notes

Levels and vault maps discovered:
D:1:      eino_arrival_water_star, layout_basic, serial_shops, shop, shop
D:2:      minmay_general_purpose_star, layout_loops_ring,
          shapermc_ecumenical_altar_mp_ritualfount, kennysheep_generic_room_10
D:3:      layout_loops_corners, mainiacjoe_overflow_cross_hatched,
          cheibriados_altar_1
D:4:      layout_loops_corners, nicolae_kikubaaqudgha_miasma_corner,
          mainiacjoe_overflow_six_doors_small, palyth_stone_intersect,
          nicolae_concentric_dashed_squares_wild
D:5:      kennysheep_steamy, layout_loops_ring, mainiacjoe_overflow_boulevard,
          minmay_temple_entry_hall, uniq_menkaure

Skill      XL: |  1  2  3  4  5  6 |
---------------+-------------------+-----
Short Blades   | 1 2 |  2.0
Stealth        | 4 5 |  5.4
Spellcasting   | 3 |  3.8
Fighting       | 1 |  1.5
Hexes          | 4 |  4.3
Dodging        | |  1.5
Necromancy     | |  0.7

Action                     |  1- 3 |  4- 6 || total
---------------------------+-------+-------++-------
  Melee: Dagger            |   117 |   162 ||   279
         Bite              |    24 |    37 ||    61
         Punch             |     1 |       ||     1
   Cast: Ensorcelled Hiber |       |     7 ||     7
         Confusing Touch   |       |     1 ||     1
   Stab: Sleeping          |     4 |    15 ||    19
         Distracted        |       |     1 ||     1
 Armour: Robe              |    14 |    23 ||    37
  Dodge: Dodged            |    74 |    80 ||   154

Table legend: (Time is in decaauts)
 A = Elapsed time spent in this place.
 B = Non-inter-level travel time spent in this place.
 C = Inter-level travel time spent in this place.
 D = Time resting spent in this place.
 E = Time spent auto-exploring this place.
 F = Levels seen in this place.
 G = Mean time per level.
                   A        B        C        D        E       F      G
               +--------+--------+--------+--------+--------+-----+--------+
         Total |   3142 |   3001 |    141 |    133 |   2199 |   5 |  628.4 |
       Dungeon |   3142 |   3001 |    141 |    133 |   2199 |   5 |  628.4 |
               +--------+--------+--------+--------+--------+-----+--------+

Top non-repeatable levels by time:
     D:4: 996 daAuts
     D:2: 901 daAuts
     D:3: 801 daAuts
     D:1: 426 daAuts
     D:5: 16 daAuts
